 Dungeon Sprint DCSS version 0.20-a0-1116-gaa52201 (webtiles) character file.

190 potatolord5000 the Skirmisher (level 5, -3/51 HPs)
             Began as a Draconian Gladiator on May 8, 2017.
             Slain by a sun demon (17 damage)
             ... summoned by a kobold demonologist
             ... in the Dungeon (Sprint III: "The Ten Rune Challenge").
             The game lasted 00:02:09 (155 turns).

potatolord5000 the Skirmisher (Draconian Gladiator)  Turns: 155, Time: 00:02:14

Health: -3/51      AC:  5    Str: 16    XL:     5   Next: 41%
Magic:  5/5        EV: 15    Int:  8    God:
Gold:   18         SH:  0    Dex: 14    Spells: 4/4 levels left

rFire    . . .     SeeInvis .   a - +0 quarterstaff
rCold    . . .     Gourm    .   (shield currently unavailable)
rNeg     . . .     Faith    .   (armour unavailable)
rPois    .         Spirit   .   b - +0 hat
rElec    .         Reflect  .   (no cloak)
rCorr    .         Harm     .   (no gloves)
MR       .....     NoTele   +   (no boots)
Stlth    ++++......             (no amulet)
Regen    0.2/turn               (no ring)
MPRegen  0.1/turn               (no ring)

@: no status effects
A: unfitting armour, hooves 1, camouflage 1, high mp 1, cold-blooded, AC +5
a: no special abilities


You were in the Dungeon.
You were not hungry.

You visited 1 branch You collected 18 gold pieces.

Inventory:

Hand Weapons
 a - a +0 quarterstaff (weapon)
Armour
 b - a +0 hat (worn)
Scrolls
 c - a scroll of fog {unknown}
 g - a scroll of torment {unknown}
 j - a scroll of blinking
 k - 4 scrolls of identify
 l - a scroll of enchant weapon {unknown}
 o - a scroll of holy word {unknown}
 p - 2 scrolls of remove curse
Potions
 e - a potion of curing
 f - a potion of heal wounds
 h - 3 potions of magic
 i - a potion of berserk rage
 n - 4 potions of flight
Comestibles
 d - a bread ration
 m - a meat ration
 q - a royal jelly


   Skills:
 + Level 6.5 Fighting
 + Level 6.3 Staves
 - Level 1.7 Throwing
 + Level 5.7 Dodging
 + Level 5.4 Stealth


You had 4 spell levels left.
You didn't know any spells.

Dungeon Overview and Level Annotations

Branches:
Dungeon (1/1)

Altars:
Kikubaaqudgha
Sif Muna
Vehumet


Innate Abilities, Weirdness & Mutations

Your plain brown scales are hard. (AC +5)
You cannot fit into any form of body armour.
You are cold-blooded and may be slowed by cold attacks.
You have large cloven feet.
Your skin changes colour to match your surroundings (Stealth+).
You have an increased reservoir of magic. (+10% MP)


Message History

The crimson imp barely misses you. The sun demon closely misses you.
The kobold demonologist hits you with a dagger.
The crimson imp blinks!
Found a papyrus book.
There is an open door, spattered with blood here.
Things that are here:
a dagger; a robe; a human corpse You closely miss the kobold demonologist.
Your kick misses the kobold demonologist.
The sun demon closely misses you.
The kobold demonologist mumbles some strange words.
The crimson imp picks up a beetle and eats it.
You hit the kobold demonologist.
Your kick misses the kobold demonologist.
The kobold demonologist is heavily wounded.
The sun demon hits you!!
* * * LOW HITPOINT WARNING * * *
You are engulfed in flames!
You die...

#..#.....♣♣ ♣.#
####....♣.♣ ♣.#
...#....≈.♣♣♣♣.###+#+###
...#...≈≈♣...♣.#........
..(#..≈≈≈≈.♣.♣.'.⌠......
##'#..≈≈≈≈≈≈.♣.#...#####
...#.≈≈≈≈≈≈....#.⌠.#
...#.≈≈≈≈≈.....#5..#
...#.≈≈≈....†..#@###
####...........#K34#
...............#___#
▓▓▓▓▓▓▓▓▓▓▓▓▓▓▓▓▓▓▓▓


You could see a sun demon, a rust devil, a kobold demonologist and a crimson
imp.

Vanquished Creatures
  A water elemental (D)
  A scorpion (D)
  A wizard (D)
  Jessica (D)
  A human (D)
  2 oozes (D)
7 creatures vanquished.

Vanquished Creatures (others)
  2 yaktaurs (D)
  2 hellions (D)
  A plant (D)
5 creatures vanquished.

Grand Total: 12 creatures vanquished

Notes
Turn   | Place    | Note
-------+----------+-------------------------------------------
     0 | D        | potatolord5000 the Draconian Gladiator began the quest for the Orb.
     0 | D        | Reached XP level 1. HP: 17/17 MP: 1/1
     7 | D        | Reached skill level 1 in Stealth
    10 | D        | Reached XP level 2. HP: 26/26 MP: 2/2
    16 | D        | Noticed Jessica
    23 | D        | Killed Jessica
    23 | D        | Reached XP level 3. HP: 30/33 MP: 3/3
    45 | D        | Killed a yaktaur
    56 | D        | Noticed a scorpion
    68 | D        | Killed a yaktaur
    69 | D        | Killed a scorpion
    69 | D        | Reached skill level 5 in Fighting
    69 | D        | Reached skill level 5 in Staves
    69 | D        | Reached XP level 4. HP: 37/42 MP: 4/4
   100 | D        | Gained mutation: Your spells are a little easier to cast, but a little less powerful. [potion of mutation]
   100 | D        | Gained mutation: Your muscles are strong. (Str +2) [potion of mutation]
   100 | D        | Gained mutation: You are frail. (-10% HP) [potion of mutation]
   100 | D        | Gained mutation: You have supernaturally acute eyesight. (SInv) [potion of mutation]
   101 | D        | Lost mutation: Your muscles are strong. (Str +2) [potion of mutation]
   101 | D        | Lost mutation: You have supernaturally acute eyesight. (SInv) [potion of mutation]
   101 | D        | Lost mutation: Your spells are a little easier to cast, but a little less powerful. [potion of mutation]
   101 | D        | Gained mutation: Your muscles are strong. (Str +2) [potion of mutation]
   101 | D        | Gained mutation: You possess an exceptional clarity of mind. [potion of mutation]
   102 | D        | Lost mutation: You are frail. (-10% HP) [potion of mutation]
   102 | D        | Lost mutation: Your muscles are strong. (Str +2) [potion of mutation]
   102 | D        | Lost mutation: You possess an exceptional clarity of mind. [potion of mutation]
   102 | D        | Gained mutation: You have a pair of small horns on your head. [potion of mutation]
   102 | D        | Gained mutation: Scrolls take you a little longer to read. [potion of mutation]
   102 | D        | Gained mutation: You have an increased reservoir of magic. (+10% MP) [potion of mutation]
   102 | D        | Gained mutation: You evolve. [potion of mutation]
   103 | D        | Lost mutation: You evolve. [potion of mutation]
   103 | D        | Lost mutation: Scrolls take you a little longer to read. [potion of mutation]
   103 | D        | Lost mutation: You have a pair of small horns on your head. [potion of mutation]
   103 | D        | Gained mutation: Your skin changes colour to match your surroundings (Stealth+). [potion of mutation]
   103 | D        | Gained mutation: You have large cloven feet. [potion of mutation]
   115 | D        | Killed a hellion
   115 | D        | Killed a hellion
   133 | D        | Noticed a water elemental
   139 | D        | Killed a water elemental
   139 | D        | Reached skill level 5 in Dodging
   139 | D        | Reached skill level 5 in Stealth
   139 | D        | Reached XP level 5. HP: 47/50 MP: 5/5
   143 | D        | Found a radiant altar of Vehumet.
   143 | D        | Found a deep blue altar of Sif Muna.
   143 | D        | Found an ancient bone altar of Kikubaaqudgha.
   152 | D        | Noticed a sun demon
   155 | D        | Noticed a rust devil
   155 | D        | Slain by a sun demon

Vault maps used:
D:        dungeon_sprint_mu

Skill      XL: |  1  2  3  4 |
---------------+-------------+-----
Dodging        | 3 4 5 |  5.7
Stealth        | 1 2 4 5 |  5.4
Fighting       | 3 4 5 6 |  6.5
Staves         | 4 5 6 |  6.3
Throwing       | |  1.7

Action                   |  1- 3 |  4- 6 || total
-------------------------+-------+-------++-------
Melee: Quarterstaff      |    19 |    15 ||    34
       Tailslap          |     2 |     6 ||     8
       Kick              |       |     4 ||     4
  Use: Potion            |     1 |     4 ||     5
 Stab: Sleeping          |     1 |     1 ||     2
Armor: Skin              |     3 |     1 ||     4
Dodge: Dodged            |     9 |     8 ||    17
